Map: Central Protocol

Players

Blackout - Winner!

  • Race: Terran Terran
  • League: Silver

Helllsurfer

  • Race: Terran Terran
  • League: Gold

VOD

Have the link to the VOD?

Description

Time

  • Played on: Nov. 25, 2015, 2:53 p.m.
  • Length: 24:37
Show
View Real Time Build Order
Export as new Build Order

Blackout Terran - Winner!

Build Orders: MMM Bio 

Get SALT Encoding   

  12  0:00  SCV  
  13  0:12  SCV  
  14  0:18  Supply Depot  
  14  0:25  SCV  
  15  0:34  Refinery  
  15  0:40  SCV  
  16  0:45  Barracks  
  16  0:52  SCV  
  18  1:04  SCV  
  18  1:16  SCV  
  19  1:28  SCV  
  20  1:33  Reaper  
  20  1:38  Command Center  
  21  1:40  SCV  
  21  1:45  Refinery  
  22  1:55  Orbital Command  
  22  2:04  Supply Depot  
  22  2:16  Barracks Reactor, Factory  
  22  2:23  SCV  
  23  2:36  SCV  
  24  2:48  SCV  
  25  2:52  Orbital Command  
  25  2:53  Marine x2  
  27  3:01  Widow Mine  
  27  3:02  Starport  
  29  3:10  SCV, Marine  
  29  3:11  Marine  
  32  3:28  Marine x2  
  32  3:32  Factory Tech Lab  
  34  3:38  SCV  
  35  3:50  Orbital Command  
  35  3:51  SCV  
  35  3:53  Medivac  
  35  3:55  Siege Tank, Marine x2  
  40  4:01  Command Center  
  43  4:04  Engineering Bay  
  43  4:06  SCV  
  44  4:12  Marine  
  44  4:13  Marine  
  46  4:46  Supply Depot, SCV x2, Medivac  
  46  4:47  Terran Infantry Weapons Level 1  
  46  4:48  Supply Depot  
  46  4:49  Marine x2  
  46  4:50  Siege Tank  
  54  5:07  Marine x2  
  54  5:11  Barracks  
  54  5:13  Missile Turret  
  56  5:15  Barracks, Orbital Command  
  56  5:20  SCV x2  
  58  5:27  Starport Reactor  
  58  5:28  Marine x2  
  60  5:32  Siege Tank  
  63  5:54  Marine x2  
  65  6:00  SCV x2, Marine  
  68  6:04  SCV  
  69  6:12  SCV, Marine x2  
  69  6:15  Medivac  
  69  6:16  Barracks Tech Lab, Medivac  
  76  6:20  Barracks  
  76  6:21  Barracks Tech Lab  
  76  6:33  Barracks  
  76  6:35  Marine x2  
  76  6:36  Siege Tank  
  76  6:37  Barracks  
  76  6:39  SCV x2, Barracks Tech Lab  
  81  6:41  Barracks Tech Lab  
  81  6:42  Refinery  
  81  6:43  Refinery  
  82  6:51  SCV x2  
  83  6:58  Armory  
  83  6:59  Command Center  
  83  7:00  Stimpack, Orbital Command  
  83  7:02  Marine  
  83  7:03  SCV  
  85  7:19  Combat Shields  
  85  7:21  Barracks Reactor  
  85  7:26  Supply Depot  
  85  7:35  Terran Infantry Armor Level 1  
  85  7:36  Marine x4  
  86  7:37  SCV  
  86  7:38  Engineering Bay  
  86  7:39  SCV x2  
  93  7:46  Barracks Reactor  
  93  7:49  SCV  
  93  7:53  SCV x2  
  93  7:54  Marine x4  
  93  7:55  Medivac  
  101  7:59  Supply Depot  
  101  8:01  Supply Depot  
  101  8:04  Supply Depot  
  101  8:10  Marine x2  
  101  8:11  SCV, Medivac  
  101  8:12  Marine x4  
  110  8:18  Orbital Command  
  110  8:21  Thor, Marine x2  
  118  8:28  Marine x2  
  118  8:30  Marine x2  
  122  8:36  Marine x2  
  122  8:37  Viking  
  122  8:39  Marine x2  
  122  8:41  Viking  
  130  8:48  Terran Vehicle And Ship Armor Level 1  
  122  8:50  Supply Depot  
  122  8:52  Terran Infantry Weapons Level 2  
  122  8:54  Missile Turret  
  122  8:57  Marine x3  
  122  8:58  Marine  
  122  8:59  Marine  
  127  9:06  Concussive Shells  
  127  9:07  Marauder  
  127  9:08  Marauder  
  131  9:22  Marine  
  131  9:23  Marine x2  
  134  9:31  Marine x2  
  134  9:32  Marine x3  
  136  9:40  Marine x3  
  139  9:49  Marine x3  
  139  9:50  Marine x2  
  144  9:58  Marine  
  145  10:01  Marine x2  
  147  10:07  Marine x2  
  147  10:08  Marauder  
  147  10:11  SCV x2  
  153  10:17  SCV x2  
  155  10:23  Marine  
  155  10:26  Missile Turret  
  156  10:34  Missile Turret  
  156  10:35  Missile Turret  
  156  10:38  Missile Turret  
  156  10:47  Refinery  
  156  10:50  Refinery  
  156  10:52  Marine x2  
  156  10:53  Marauder x2  
  140  10:59  Marine x4  
  109  11:10  Marine x2  
  106  11:15  Marauder x2  
  106  11:17  Marine x2  
  106  11:18  Marine x2  
  114  11:27  Command Center, Marine  
  115  11:34  Barracks  
  115  11:36  Barracks, Marauder x2  
  115  11:38  Marine  
  120  11:43  Orbital Command  
  114  11:55  Marine x2  
  114  11:57  Marauder x2, Marine x2  
  113  12:03  Marine x2  
  113  12:06  Terran Infantry Weapons Level 3  
  115  12:13  Marine x2  
  115  12:14  Marine  
  118  12:19  Marauder x2  
  118  12:20  Marine  
  118  12:21  Marine  
  124  12:25  Marine  
  124  12:27  Siege Tank  
  128  12:31  Marine  
  128  12:34  Liberator x2  
  129  12:40  Marauder x2, Orbital Command  
  136  12:55  Terran Vehicle Weapons Level 1  
  139  13:02  Marauder x2  
  143  13:10  Cyclone, Marine  
  143  13:11  Marine x5  
  152  13:15  Barracks Tech Lab x2  
  152  13:16  Liberator  
  152  13:17  Barracks, Liberator  
  152  13:21  Barracks  
  152  13:23  Marauder x2  
  152  13:25  Terran Infantry Armor Level 2  
  156  13:28  Marine x3  
  156  13:29  Marine x2  
  164  13:37  Marauder, Marine  
  170  13:42  Orbital Command  
  170  13:46  Starport, Marine  
  171  13:52  Refinery  
  171  13:53  Missile Turret x2, Marine  
  171  13:54  Marauder x2  
  171  13:55  Supply Depot, Refinery  
  176  13:56  Supply Depot x2  
  176  13:59  Liberator x2, Marauder  
  178  14:05  Marine x3  
  178  14:06  Marine  
  182  14:15  Marauder  
  160  14:42  Liberator x2  
  160  14:45  Marauder x2, Marine x3  
  157  14:46  Marauder, Marine x2  
  168  15:01  Marine  
  168  15:02  Marine  
  168  15:03  Marine x2  
  176  15:07  Marauder x3  
  178  15:19  Marine  
  178  15:20  Marine  
  178  15:21  Marine x2  
  142  15:24  Marine x2  
  142  15:28  Marauder x3  
  117  15:37  Marine  
  112  15:49  Marauder  
  113  15:50  Marauder x2  
  61  18:47  Terran Infantry Armor Level 3  
  38  19:08  Marine  
  38  19:09  Marauder, Marine x2  
  41  19:13  Marine x3  
  41  19:14  Marauder x2  
  41  19:16  Barracks Reactor  
  48  19:21  Marauder  
  48  19:22  Medivac x2  
  54  19:26  Marine x2  
  54  19:30  Marauder  
  57  19:32  Barracks Tech Lab  
  57  19:35  Marauder  
  57  19:36  Marauder  
  57  19:39  Marine  
  57  19:40  Marine x3  
  57  19:41  Siege Tank  
  57  19:42  Marauder  
  57  19:44  Marine  
  67  19:48  Marine  
  67  19:51  Marauder  
  67  19:52  Medivac x2  
  74  19:57  Marine, Starport Tech Lab, Marauder x2  
  74  19:58  Marine x3  
  82  20:02  Marine  
  82  20:04  Marauder  
  82  20:06  Marine x3  
  88  20:13  Siege Tank, Marauder  
  93  20:15  Marine  
  93  20:16  Sensor Tower, Marine x3  
  93  20:18  Marauder x2  
  93  20:20  Marine  
  102  20:23  Marine  
  102  20:24  Medivac x2, Marine x2  
  102  20:25  Marauder  
  111  20:32  Marine  
  111  20:33  Marine x2  
  111  20:34  Marauder, Marine  
  107  20:38  Marine  
  107  20:39  Marauder  
  107  20:40  Marauder  
  107  20:41  Marine  
  111  20:45  Orbital Command  
  111  20:47  Marauder  
  111  20:48  Marine x2  
  69  20:50  Marine  
  69  20:52  Marine x3  
  69  20:55  Marine, Medivac  
  69  20:56  Marauder  
  45  20:59  Marine  
  45  21:01  Marauder x2  
  50  21:06  Siege Tank, Marine x2  
  50  21:08  Marine, Marauder  
  50  21:10  Marine x3  
  61  21:13  Marine  
  61  21:17  Marauder, Marine  
  64  21:22  Marauder x2  
  64  21:23  Marine  
  64  21:24  Marine  
  64  21:25  Medivac  
  58  21:26  Marine  
  58  21:27  Marine x2  
  58  21:28  Marine  
  58  21:29  Marauder  
  58  21:31  Marine  
  65  21:35  Marine  
  65  21:38  Marauder  
  68  21:41  Marine x2  
  68  21:44  Marine, Marauder x2  
  75  21:48  SCV x2  
  75  21:51  Marauder  
  76  22:00  Marauder  
  66  22:02  Marine x2  
  66  22:03  Marine  
  66  22:05  Marauder x2  
  69  22:12  Marauder, Marine x3  
  74  22:21  Marauder  
  74  22:22  Medivac  
  78  22:26  Marauder  
  78  22:27  Marauder  
  82  22:34  Missile Turret, Marauder  
  84  22:38  Siege Tank  
  84  22:42  Marauder  
  89  22:46  SCV x3  
  89  22:48  Marauder x2  
  96  22:58  SCV  
  97  23:02  Viking  
  97  23:03  Medivac x2  
  103  23:10  SCV  
  84  23:22  SCV  
  83  23:32  Medivac  
  85  23:34  SCV  
  79  23:46  SCV  
  80  23:58  SCV  
  84  24:11  SCV  
  85  24:23  SCV  
Show
View Real Time Build Order
Export as new Build Order

Helllsurfer Terran 

Build Orders:  

Get SALT Encoding   

  12  0:01  SCV  
  13  0:13  SCV  
  14  0:28  Supply Depot, SCV  
  15  0:49  SCV  
  16  0:52  Barracks  
  16  1:03  SCV  
  17  1:08  Refinery  
  17  1:15  SCV  
  18  1:28  SCV  
  19  1:42  Supply Depot  
  19  1:45  Orbital Command  
  19  1:47  Marine  
  20  2:09  Command Center  
  20  2:11  Reaper  
  21  2:17  SCV  
  23  2:30  SCV  
  23  2:39  Bunker  
  22  2:54  Marine  
  23  2:59  SCV  
  23  3:05  Factory  
  24  3:11  SCV  
  24  3:12  Supply Depot  
  25  3:22  Refinery  
  25  3:23  SCV  
  25  3:25  Orbital Command  
  26  3:52  Factory Tech Lab  
  26  3:54  Starport  
  25  4:07  Barracks Tech Lab  
  24  4:37  Reaper  
  23  4:40  Siege Tank  
  26  4:55  Starport Reactor  
  26  5:10  Barracks  
  26  5:11  Barracks  
  26  5:13  Siege Tank, Barracks  
  29  5:17  Marine  
  30  5:21  Stimpack  
  30  5:35  SCV x2, Marine  
  33  5:44  Supply Depot  
  33  5:45  Siege Tank  
  33  5:47  SCV x2  
  35  6:10  SCV x2  
  37  6:16  Marine x4  
  39  6:22  SCV x2  
  41  6:40  Siege Tank  
  41  6:43  Viking x2  
  48  6:48  Marine x4  
  52  7:02  SCV x2  
  52  7:05  Marine  
  52  7:06  Marine x2  
  57  7:12  Siege Tank  
  57  7:14  SCV x2  
  62  7:29  Barracks Reactor  
  62  7:30  Barracks Tech Lab  
  62  7:39  Refinery  
  62  7:40  Supply Depot  
  62  7:44  Supply Depot, SCV x2, Medivac x2  
  68  7:45  Marauder  
  70  8:00  SCV  
  70  8:04  Siege Tank  
  73  8:06  Marauder  
  75  8:13  Marine x4  
  65  9:02  SCV x2  
  67  9:10  Engineering Bay, Marine x4  
  67  9:12  Siege Tank, Marauder  
  67  9:13  Viking, Engineering Bay  
  67  9:14  SCV  
  79  9:29  Marine x2, Marauder  
  79  9:30  Marine  
  84  9:33  Marauder  
  86  9:59  Marine  
  86  10:21  Barracks Reactor  
  86  10:50  Marine x2  
  86  10:56  Marauder  
  86  10:59  Siege Tank, Marauder  
  76  11:18  Marauder  
  78  11:20  Marauder  
  80  11:33  Siege Tank  
  80  11:34  Marine  
  80  11:35  Marine x2  
  86  11:41  Supply Depot x2  
  86  11:49  Marine  
  86  11:52  Marauder  
  86  11:55  SCV x2  
  86  11:56  Marine  
  78  12:07  SCV  
  78  12:08  SCV  
  80  12:19  SCV  
  80  12:20  SCV  
  82  12:26  Marine x3  
  82  12:27  Marauder x2, Marine  
  82  12:29  Siege Tank  
  92  12:49  Marauder x2  
  96  12:51  Viking x2  
  100  13:01  Refinery  
  100  13:08  Marine x2  
  102  13:13  Supply Depot  
  102  13:14  Marauder x2, Marine x2  
  102  13:15  Supply Depot  
  108  13:26  Terran Infantry Weapons Level 1  
  108  13:35  Concussive Shells  
  108  13:36  Marauder x2  
  112  13:55  Marine x2  
  112  13:56  Marine x2  
  112  13:57  Marauder  
  112  14:02  Command Center  
  118  14:15  Siege Tank  
  96  14:45  Marine x4  
  96  14:46  Marine x2  
  96  14:47  Siege Tank  
  96  14:49  Viking x2  
  107  15:03  Marine x2  
  107  15:19  Medivac x2  
  74  16:02  Siege Tank  
  74  16:03  Viking  
  79  16:04  Marine  
  79  16:05  Marine x5  
  85  16:22  Marine  
  85  16:23  Marauder  
  85  16:24  Marauder  
  90  16:35  Siege Tank  
  83  17:07  Marine x3  
  83  17:08  Marine x3  
  89  17:10  Siege Tank  
  89  17:12  Viking x2  
  96  17:26  Marauder x2  
  100  17:33  Marine, Orbital Command  
  101  17:42  Viking x2, Siege Tank  
  108  17:47  Marauder  
  108  17:51  Marine x3  
  111  17:52  Marauder  
  115  18:09  Marauder  
  115  18:14  Marauder  
  113  18:55  Command Center  
  105  20:00  Marine x4  
  105  20:02  Marauder x2  
  113  20:07  Supply Depot  
  113  20:09  Supply Depot  
  113  20:18  Marine x2  
  115  20:23  Marauder x2  
  100  21:04  Marine x4  
  101  21:05  Marauder x2  
  101  21:07  Viking x2  
  100  21:21  Marine  
  100  21:22  Marine  
  84  21:26  Marauder  
  84  21:27  Marauder  
  84  21:32  Siege Tank  
  67  22:04  Siege Tank  
  67  22:07  Marine  
  67  22:08  Marine x3  
  55  22:09  Marauder x2  
  54  22:21  Medivac x2  
  58  22:30  Marauder  
  58  22:36  Siege Tank  
  63  22:45  Marine x2  
  63  22:46  Marine x2  
  63  22:47  Marauder  
  69  22:51  Marauder  
  61  23:08  Marauder  
  48  23:21  Marine x3  
  48  23:22  Marine x2  
  42  23:29  Marauder  
  44  23:40  Marauder  
  24  23:53  Marine x3  
Tags
 
Composition
MMM Bio
Matchup
TvT
Race
Terran
Add a new tag
Caveats
  • Supply blocks, unpowered buildings, or Contaminate may cause inaccurate times.
  • Supply counts are checked every 10 seconds.